 Dungeon Crawl Stone Soup version 0.30-a0-939-gc8157cb160 (webtiles) character file.

Game seed: 10317238071926517475

201 cforsyth the Trooper (level 5, 0/30 HPs)
             Began as a Vine Stalker Fighter on Mar 25, 2023.
             Succumbed to a scorpion's poison
             ... on level 4 of the Dungeon.
             The game lasted 00:03:43 (3064 turns).

cforsyth the Trooper (Vine Stalker Fighter)         Turns: 3064, Time: 00:03:44

Health: 0/30       AC:  6    Str: 20 (21) XL:     5   Next: 79%
Magic:  2/6        EV:  9    Int:  5 (8)  God:
Gold:   245        SH:  4    Dex: 11 (13) Spells: 4/4 levels left

rFire   + + .      SeeInvis .    a - +0 rapier
rCold   + . .      Faith    .    c - +0 buckler
rNeg    . . .      Spirit   +    b - +0 scale mail
rPois   +          Reflect  .    (no helmet)
rElec   +          Rampage  .    (no cloak)
rCorr   +                        (no gloves)
Will    .....                    (no boots) Stlth
                                 (no amulet)
HPRegen 1.05/turn                g - ring of flight
MPRegen 0.10/turn                h - ring of protection from fire

@: lethally poisoned (0 -> -7), resistant, flying
A: fangs 2, regeneration 1, magic shield, antimagic bite, no potion heal 2
a: no special abilities


You were on level 4 of the Dungeon.
You visited 2 branches of the dungeon, and saw 5 of its levels.

You collected 245 gold pieces.

Inventory:

Hand Weapons
 a - a +0 rapier (weapon)
Armour
 b - a +0 scale mail (worn)
 c - a +0 buckler (worn)
Jewellery
 g - a ring of flight (left hand)
 h - a ring of protection from fire (right hand)
Wands
 t - a wand of flame (5)
Scrolls
 f - a scroll of poison {unknown}
 k - a scroll of brand weapon {unknown}
 l - a scroll of vulnerability {unknown}
 p - a scroll of teleportation {unknown}
 q - 2 scrolls of fear {unknown}
 u - a scroll of identify {unknown}
 w - a scroll of noise {unknown}
Potions
 d - a potion of might
 e - 3 potions of brilliance {unknown}
 i - 2 potions of resistance
 j - a potion of flight
 m - a potion of berserk rage {unknown}
 n - a potion of degeneration
 o - a potion of attraction {unknown}
 r - a potion of curing {unknown}
 s - a potion of lignification {unknown}
 v - 2 potions of heal wounds {unknown}


   Skills:
 + Level 4.4 Fighting
 + Level 3.9 Short Blades
 - Level 2.4 Armour
 - Level 2.6 Shields


You had 4 spell levels left.
You didn't know any spells.
Your spell library contained the following spells:

 Spells                   Type           Power      Damage    Failure   Level
 Inner Flame              Hex/Fire       0%         N/A       99%         3
 Flame Wave               Conj/Fire      0%         2d4       100%        4
 Sticky Flame             Conj/Fire      0%         2d3       100%        4
 Summon Lightning Spire   Summ/Air       0%         N/A       100%        4
 Storm Form               Tmut/Air       0%         N/A       100%        7
 Maxwell's Capacitive Co  Air            0%         ∞         100%        8


Dungeon Overview and Level Annotations

Branches:
Dungeon (4/15)             Temple (1/1) D:4

Altars:
Ashenzari
Cheibriados
Dithmenos
Gozag
Kikubaaqudgha
Makhleb
Okawaru
Vehumet
Xom
The Shining One

Annotations:
D:3 1 runed translucent door, Crazy Yiuf


Innate Abilities, Weirdness & Mutations

You have extremely sharp teeth.
Your natural rate of healing is unusually fast.
When hurt, damage is shared between your health and your magic reserves.
Your bite disrupts and absorbs the magic of your enemies.
Potions cannot restore your health.


Message History

You are too injured to fight recklessly!
You are too injured to fight recklessly!
You are too injured to fight recklessly!
You are too injured to fight recklessly!
You are too injured to fight recklessly!
You are too injured to fight recklessly!
You are too injured to fight recklessly!
You are too injured to fight recklessly!
You hit the scorpion but do no damage.
The scorpion is severely wounded.
You feel sick. The scorpion stings you.
You are more poisoned.
The scorpion poisons you!
You closely miss the scorpion.
The scorpion is severely wounded.
You feel very sick. The scorpion stings you.
* * * LOW HITPOINT WARNING * * *
You closely miss the scorpion. Your bite misses the scorpion.
The scorpion is severely wounded.
You feel sick. The scorpion barely misses you.
You hit the scorpion but do no damage.
You bite the scorpion, but do no damage.
The scorpion is severely wounded.
You feel sick.
The scorpion stings you but does no damage. x2
It was a potion of degeneration.
There was something very wrong with that liquid.
You feel weakened.
You feel dopey.
You feel clumsy.
You feel sick.
The scorpion stings you but does no damage.
It was a potion of flight.
You feel more buoyant.
You feel sick. The scorpion stings you.
* * * LOW HITPOINT WARNING * * *
You are lethally poisoned!
The scorpion poisons you!
It was a potion of resistance.
You feel protected.
You die...

.##..#
#................
.###.###.######.#...###
.# #...............##
.###)..............#
.................).#
.###..<#########...#
.......# #...# .###...#
#######...# ## #...#
#......@<.# #...#
#.#####s.## #...# #..#
#...# #..# ## ...# .#
##.# .# .# .# ## .###.#


You could see a scorpion.

Vanquished Creatures
  A hound (D:4)
  An orc priest (D:4)
  3 gnolls
  4 adders
  3 worms
  A dart slug (D:2)
  6 orcs
  6 ball pythons
  5 endoplasms
  A giant cockroach (D:3)
  4 goblins
  7 hobgoblins
  2 jackals (D:3)
  6 kobolds
  3 quokkas
  3 bats
  3 frilled lizards
  2 rats (D:2)
61 creatures vanquished.

Vanquished Creatures (others)
  A plant (D:4)
1 creature vanquished.

Grand Total: 62 creatures vanquished

Notes
Turn   | Place    | Note
-------+----------+-------------------------------------------
     0 | D:1      | cforsyth the Vine Stalker Fighter began the quest for the
                  | Orb.
     0 | D:1      | Reached XP level 1. HP: 11/11 MP: 2/2
   106 | D:1      | You fall into a shaft and drop 1 floor!
   124 | D:2      | Reached skill level 3 in Fighting
   124 | D:2      | Reached XP level 2. HP: 15/16 MP: 3/3
   265 | D:2      | Reached XP level 3. HP: 18/20 MP: 4/4
  1207 | D:1      | Found a faded altar of an unknown god.
  1452 | D:2      | Found a burning altar of Makhleb.
  1603 | D:3      | Gained mutation: Your natural rate of healing is unusually
                  | fast. [Vine Stalker growth]
  1603 | D:3      | Reached XP level 4. HP: 24/24 MP: 5/5
  1607 | D:3      | Found a shimmering altar of Xom.
  1828 | D:3      | Found an opulent altar of Gozag.
  2064 | D:3      | Found a runed translucent door.
  2065 | D:3      | Noticed Crazy Yiuf
  2669 | D:4      | Reached skill level 4 in Fighting
  2719 | D:4      | Reached XP level 5. HP: 27/29 MP: 4/6
  2745 | D:4      | Found a staircase to the Ecumenical Temple.
  2768 | Temple   | Entered the Ecumenical Temple
  3063 | D:4      | HP: 1/30 [scorpion (3)]
  3064 | D:4      | Succumbed to a scorpion's poison

Illustrated notes

Levels and vault maps discovered:
D:1:      beargit_arrival_greenhouse, layout_basic,
          chequers_ecumenical_altar_island, minmay_split_cup_small
D:2:      layout_basic, basic_altar
D:3:      layout_loops_ring, mainiacjoe_overflow_tiny_flanked,
          nicolae_gozag_seed_capital, uniq_crazy_yiuf_cottage
D:4:      layout_loops_ring, zin_treasury, minmay_temple_entry_proselytizer,
          serial_bayou_lagoon_b
Temple:   nicolae_temple_superstar

Skill      XL: |  1  2  3  4 |
---------------+-------------+-----
Short Blades   | 2 3 |  3.9
Fighting       | 3 4 |  4.4
Armour         | |  2.4
Shields        | |  2.6

Action                     |  1- 3 |  4- 6 || total
---------------------------+-------+-------++-------
  Melee: Rapier            |   104 |   121 ||   225
         Bite              |    25 |    26 ||    51
    Use: Potion            |       |     3 ||     3
 Armour: Scale mail        |    46 |    48 ||    94
  Dodge: Dodged            |    44 |    33 ||    77
  Block: Buckler           |    18 |    19 ||    37

Table legend: (Time is in decaauts)
 A = Elapsed time spent in this place.
 B = Non-inter-level travel time spent in this place.
 C = Inter-level travel time spent in this place.
 D = Time resting spent in this place.
 E = Time spent auto-exploring this place.
 F = Levels seen in this place.
 G = Mean time per level.
                   A        B        C        D        E       F      G
               +--------+--------+--------+--------+--------+-----+--------+
         Total |   3086 |   2913 |    173 |    218 |   2156 |   5 |  617.2 |
       Dungeon |   2969 |   2807 |    162 |    218 |   2057 |   4 |  742.2 |
        Temple |    117 |    106 |     11 |      0 |     99 |   1 |  117.0 |
               +--------+--------+--------+--------+--------+-----+--------+

Top non-repeatable levels by time:
     D:3: 905 daAuts
     D:1: 890 daAuts
     D:2: 846 daAuts
     D:4: 326 daAuts
  Temple: 117 daAuts
